 Dungeon Crawl Stone Soup version 0.30-b1-2-g02819fbbbe (webtiles) character file.

Game seed: 10431160031750296928

3025 LLlMATKO the Fighter (level 9, -1/123 HPs)
             Began as a Minotaur Berserker on Aug 30, 2023.
             Was an Elder of Trog.
             Killed by vampiric draining
             ... invoked by a vampire
              (14 damage)
             ... on level 10 of the Dungeon.
             The game lasted 00:08:37 (6590 turns).

LLlMATKO the Fighter (Minotaur Berserker)           Turns: 6590, Time: 00:08:38

Health: -1/123     AC: 19    Str: 27    XL:     9   Next: 55%
Magic:  8/8        EV: 14    Int:  4    God:    Trog [****..]
Gold:   193        SH:  0    Dex: 15    Spells: 8/8 levels left

rFire   . . .        k - +2 broad axe (heavy)
rCold   . . .        C - +0 kite shield
rNeg    . . .        I - +0 plate armour
rPois   .            (helmet restricted)
rElec   +            t - +2 cloak
rCorr   +            E - +0 pair of gloves
SInv    .            z - +0 pair of boots
Will    .....        H - amulet of regeneration
Stlth   x              - +5 ring of evasion
HPRegen 1.20/turn    e - ring "Seobinumm" {+Blink rElec rCorr Dex+6}
MPRegen 0.11/turn

%: no passive effects
@: confused, berserking, very quick
A: horns 2, retaliatory headbutt
a: Renounce Religion, Evoke Blink, Berserk, Trog's Hand, Brothers in Arms


You were on level 10 of the Dungeon.
You worshipped Trog.
Trog was greatly pleased with you.
You visited 1 branch of the dungeon, and saw 9 of its levels.
You also visited: Ossuary.

You collected 406 gold pieces.
You spent 213 gold pieces at shops.

Inventory:

Hand Weapons
 d - a +0 war axe of venom
 k - a +2 heavy broad axe (weapon)
Missiles
 g - 4 poisoned darts (quivered)
 v - 6 silver javelins
Armour
 t - a +2 cloak (worn)
 z - a +0 pair of boots (worn)
 C - a +0 kite shield (worn)
 E - a +0 pair of gloves (worn)
 I - a +0 plate armour (worn)
Jewellery
 e - the ring "Seobinumm" (right hand) {+Blink rElec rCorr Dex+6}
   (You acquired it on level 8 of the Dungeon)

   [ring of dexterity]

   Dex:       It affects your dexterity (+6).
   rElec:     It insulates you from electricity.
   +Blink:    It lets you blink.
   rCorr:     It protects you from acid and corrosion.
 f - a ring of flight
 x - a +5 ring of evasion (left hand)
 H - an amulet of regeneration (around neck)
Wands
 q - a wand of digging (4)
 u - a wand of roots (2)
 D - a wand of paralysis (16)
Scrolls
 c - 9 scrolls of identify
 h - 7 scrolls of teleportation
 i - 2 scrolls of poison
 m - 2 scrolls of summoning
 y - 2 scrolls of immolation
 B - a scroll of brand weapon
Potions
 a - a potion of brilliance {unknown}
 b - 2 potions of berserk rage
 l - a potion of magic {unknown}
 n - 4 potions of lignification {unknown}
 o - a potion of attraction {unknown}
 p - 3 potions of flight {unknown}
 r - a potion of might {unknown}
 s - a potion of degeneration {unknown}
 w - a potion of cancellation {unknown}
 A - a potion of resistance {unknown}
 F - a potion of curing {unknown}
 G - a potion of ambrosia {unknown}


   Skills:
 + Level 8.8 Fighting
 + Level 8.7 Axes
 + Level 8.2 Armour
 + Level 7.5 Dodging
 + Level 2.2 Shields


You had 8 spell levels left.
You didn't know any spells.
Your spell library was empty.

Dungeon Overview and Level Annotations

Branches:
Dungeon (8/15)             Temple (0/1) D:7         Ossuary (visited)
   Lair: D:8-11

Altars:
Cheibriados
Dithmenos
Fedhas
Hepliaklqana
Nemelex Xobeh
Trog
Xom
Yredelemnul

Shops:
D:1 !   D:5 (   D:6 *   D:7 !!


Innate Abilities, Weirdness & Mutations

You have a pair of horns on your head.
You reflexively headbutt those who attack you in melee.


Message History

Unknown command.
You feel less confused. You block something's attack. Something bites you.
Something draws strength from your injuries!
Unknown command.
You closely miss something. Something hits you. You block something's attack.
Something hits you but does no damage. Something bites you but does no damage.
Unknown command.
You hit something but do no damage. You block something's attack.
Something bites you!
Something draws strength from your injuries!
Something hits you but does no damage. Something bites you.
Something draws strength from your injuries!
Unknown command.
You slice something!! Something draws life force from you!!
* * * LOW HITPOINT WARNING * * *
Something hits you but does no damage. Something bites you but does no damage.
Unknown command.
A red film seems to cover your vision as you go berserk!
You feel yourself moving faster!
You feel mighty! Something hits you but does no damage. Something bites you!
* * * LOW HITPOINT WARNING * * *
Something draws strength from your injuries!
You miss something. You headbutt something!! Something barely misses you.
Something bites you but does no damage.
Unknown command.
You hit something but do no damage. You headbutt something.
Something hits you but does no damage. Something barely misses you.
Unknown command.
You barely miss something. Something hits you!
* * * LOW HITPOINT WARNING * * *
Something bites you but does no damage. Something hits you but does no damage.
Something bites you but does no damage.
Unknown command.
You closely miss something.
You hear some strange, mumbled words.
You are confused.
Unknown command.
You're too confused to move!
Something draws life force from you!
You die...

####### .....#
#.##.# #.##@####
#...{...#
##.#####.##.#
.........##.####
#########......#
#.#.##.# #.# #
#.. #..


There were no monsters in sight!

Vanquished Creatures
  The ghost of diceflayer the Chopper, an amateur MiFi of Okawaru (D:4)
  A water moccasin (D:7)
  An ice beast (D:5)
  A sky beast (D:6)
  An orc warrior (D:7)
  2 black bears (D:6)
  4 ogres
  2 centaurs (D:7)
  A phantom (D:6)
  A gnoll sergeant (D:7)
  2 scorpions
  7 water moccasin zombies (Ossuary)
  4 howler monkeys
  A hound (D:6)
  A jelly (D:5)
  6 orc priests
  Crazy Yiuf (D:3)
  7 iguanas
  A sleepcap (D:5)
  Ijyb (D:3)
  5 orc wizards
  Terence (D:3)
  2 mummies (Ossuary)
  7 adders
  11 gnolls
  A shadow imp (D:6)
  3 white imps
  3 adder zombies (Ossuary)
  5 worms
  2 dart slugs (D:3)
  28 orcs
  4 bats
  5 endoplasms
  5 gnoll zombies (Ossuary)
  9 goblins
  10 hobgoblins
  9 quokkas
  6 ball pythons
  3 frilled lizards
  5 hobgoblin zombies (Ossuary)
  5 kobolds
  3 kobold zombies (Ossuary)
  3 orc zombies (Ossuary)
  7 rats
188 creatures vanquished.

Vanquished Creatures (others)
  2 withered plants (D:4)
2 creatures vanquished.

Grand Total: 190 creatures vanquished

Notes
Turn   | Place    | Note
-------+----------+-------------------------------------------
     0 | D:1      | LLlMATKO the Minotaur Berserker began the quest for the
                  | Orb.
     0 | D:1      | Reached XP level 1. HP: 19/19 MP: 0/0
    85 | D:1      | Reached XP level 2. HP: 19/27 MP: 1/1
   345 | D:1      | Found Tafi's Distillery.
   730 | D:2      | Reached XP level 3. HP: 22/33 MP: 2/2
   813 | D:2      | Reached ** piety under Trog
  1625 | D:3      | Reached XP level 4. HP: 39/41 MP: 3/3
  1661 | D:3      | Noticed Ijyb
  1674 | D:3      | Killed Ijyb
  1791 | D:3      | Noticed Terence
  1797 | D:3      | Killed Terence
  1944 | D:3      | Found a snail-covered altar of Cheibriados.
  1958 | D:3      | Reached XP level 5. HP: 39/47 MP: 4/4
  2070 | D:3      | Found a runed translucent door.
  2071 | D:3      | Noticed Crazy Yiuf
  2234 | D:3      | Killed Crazy Yiuf
  2423 | D:4      | Found a bloodstained altar of Trog.
  2477 | D:4      | Reached skill level 5 in Fighting
  2477 | D:4      | Reached skill level 5 in Axes
  2487 | D:4      | Found a shadowy altar of Dithmenos.
  2490 | D:4      | Found a shimmering altar of Xom.
  2606 | D:4      | Reached XP level 6. HP: 39/56 MP: 5/5
  2610 | D:4      | Found a runed translucent door.
  2612 | D:4      | Noticed diceflayer's ghost (amateur MiFi)
  2994 | D:4      | Killed diceflayer's ghost
  3037 | D:5      | Entered Level 5 of the Dungeon
  3037 | D:5      | Found Wyatueri's Weapon Shop.
  3100 | D:5      | Reached XP level 7. HP: 62/62 MP: 6/6
  3106 | D:5      | Reached *** piety under Trog
  3107 | D:5      | Reached skill level 5 in Armour
  3602 | D:5      | Reached skill level 5 in Dodging
  3808 | D:5      | Reached XP level 8. HP: 71/71 MP: 7/7
  4175 | D:5      | Bought a +1 heavy broad axe for 213 gold pieces
  4737 | D:6      | Found a hazy altar of Hepliaklqana.
  4830 | D:6      | Reached **** piety under Trog
  4919 | D:6      | Found a blossoming altar of Fedhas.
  4967 | D:6      | Found a basalt altar of Yredelemnul.
  4968 | D:6      | Found a sparkling altar of Nemelex Xobeh.
  5015 | D:6      | Found Luostot's Assorted Antiques.
  5123 | D:7      | Reached XP level 9. HP: 81/81 MP: 8/8
  5337 | D:7      | Found Ohauwerr's Distillery.
  5339 | D:7      | Found Hiud's Distillery.
  5503 | D:7      | Found a staircase to the Ecumenical Temple.
  6110 | D:8      | Identified a scroll of acquirement
  6110 | D:8      | Acquired the ring "Seobinumm" {+Blink rElec rCorr Dex+6}
  6180 | D:8      | Reached skill level 1 in Shields
  6286 | D:8      | Found a sand-covered staircase.
  6291 | Ossuary  | Entered an ossuary
  6446 | D:8      | Identified the +4 ring mail of the Enchanted Forest
                  | {Rampage rN+ Dex+3}
  6553 | D:8      | You fall into a shaft and drop 2 floors!
  6553 | D:10     | Entered Level 10 of the Dungeon
  6590 | D:10     | Killed from afar by a vampire

Illustrated notes

Levels and vault maps discovered:
D:1:      onia_arrival_pentagram, layout_basic, serial_shops,
          nicolae_shop_trees, roderic_roman_lattice,
          nicolae_figureground_sparkle
D:2:      layout_loops_ring, roderic_serpentine_path
D:3:      layout_basic, cheibrodos_worm_habitat, minmay_misc_feat_tiny,
          uniq_crazy_yiuf_cottage, uniq_ijyb, uniq_terence
D:4:      layout_cave_pools, grunt_dithmenos_smoke_and_mirrors,
          xom_teletrap_fun, trog_book, gammafunk_ghost_grave
D:5:      minmay_chambers_of_threes, layout_rooms, serial_shops,
          nicolae_shop_bloodbath_and_beyond, nicolae_hexahallways
D:6:      layout_basic, worldfamousw_hep_ancestral_shrine,
          mainiacjoe_overflow_six_doors_small, amethyst_overflow_temple_binary,
          serial_shops, kennysheep_mini
D:7:      layout_loops_ring, minmay_temple_entry_proselytizer,
          nicolae_wooded_promenade, serial_park_tiny_pond, grunt_ministairs_2
D:8:      layout_basic, enter_ossuary_2, chequers_serial_rivers_small_3
D:10:     gammafunk_beogh_shrine, layout_loops_cross, enter_bailey_2

Skill      XL: |  1  2  3  4  5  6  7  8  9 |
---------------+----------------------------+-----
Fighting       | 4 5 6 8 |  8.8
Axes           | 4 5 6 7 8 |  8.7
Armour         | 3 4 5 7 8 |  8.2
Dodging        | 3 4 5 6 7 |  7.5
Shields        | 2 |  2.2

Action                     |  1- 3 |  4- 6 |  7- 9 || total
---------------------------+-------+-------+-------++-------
  Melee: Hand axe          |    33 |       |       ||    33
         Headbutt          |    13 |    16 |    36 ||    65
         War axe           |    65 |   112 |    62 ||   239
         Punch             |     1 |     1 |       ||     2
         Broad axe         |       |       |   141 ||   141
 Invoke: Berserk           |       |     4 |     6 ||    10
         Trog's Hand       |       |     1 |       ||     1
    Use: Scroll            |       |       |    11 ||    11
 Armour: Animal skin       |    13 |       |       ||    13
         Ring mail         |    16 |    37 |    15 ||    68
         Chain mail        |       |       |    56 ||    56
         Plate armour      |       |       |    38 ||    38
  Dodge: Dodged            |    51 |    74 |   184 ||   309
  Block: Kite shield       |       |       |    23 ||    23
         Buckler           |       |       |     4 ||     4
